 Dungeon Crawl Stone Soup version 0.25-a0-458-g6fc7858b95 (webtiles) character file.

Game seed: 5075219725299738360, levelgen mode: deterministic

36 Hasart the Skirmisher (level 3, -2/26 HPs)
             Began as an Octopode Fighter on Feb 2, 2020.
             Slain by a leopard gecko (5 damage)
             ... on level 2 of the Dungeon.
             The game lasted 00:01:36 (916 turns).

Hasart the Skirmisher (Octopode Fighter)             Turns: 916, Time: 00:01:40

Health: -2/26      AC:  1    Str: 15    XL:     3   Next: 37%
Magic:  3/3        EV: 11    Int: 11    God:
Gold:   52         SH:  8    Dex: 11    Spells: 2/2 levels left

rFire    . . .     SeeInvis .   a - +0 flail
rCold    . . .     Gourm    .   b - +0 shield
rNeg     . . .     Faith    .   (helmet restricted)
rPois    .         Spirit   .   (no amulet)
rElec    .         Reflect  .   (no ring)
rCorr    .         Harm     .   (no ring)
MR       .....                  (no ring)
Stlth    ++........             (no ring)
HPRegen  0.08/turn              (no ring)
MPRegen  0.08/turn              (no ring)
                                (no ring)
                                (no ring)

@: no status effects
A: almost no armour, stealthy swim, amphibious, 8 rings, constrict 8, camouflage
1, gelatinous body 1
a: no special abilities


You were on level 2 of the Dungeon.
You were not hungry.

You visited 1 branch of the dungeon, and saw 2 of its levels.

You collected 52 gold pieces.

Inventory:

Hand Weapons
 a - a +0 flail (weapon)
Missiles
 m - 10 poisoned darts (quivered)
Armour
 b - a +0 shield (worn)
Scrolls
 g - a scroll of random uselessness {unknown}
 h - a scroll of amnesia {unknown}
 j - a scroll of teleportation {unknown}
 o - a scroll of enchant armour {unknown}
Potions
 c - a potion of might
 e - a potion of resistance {unknown}
 f - a potion of degeneration {unknown}
 i - a potion of brilliance {unknown}
 k - a potion of heal wounds {unknown}
 l - a potion of magic {unknown}
 p - a potion of curing {unknown}
Comestibles
 d - 4 rations
 n - 5 chunks of flesh


   Skills:
 + Level 3.3 Fighting
 * Level 2.7 Maces & Flails
 + Level 0.2 Throwing
 + Level 3.2 Dodging
 + Level 3.2 Shields


You had 2 spell levels left.
You didn't know any spells.
Your spell library was empty.

Dungeon Overview and Level Annotations

Branches:
Dungeon (2/15)

Altars:


Innate Abilities, Weirdness & Mutations

You cannot wear most types of armour.
You are very stealthy in the water. (Stealth+)
You are amphibious.
You can wear up to eight rings at the same time.
You can use your tentacles to constrict eight enemies at once.
Your skin changes colour to match your surroundings (Stealth+).
Your rubbery body absorbs attacks. (AC +1, EV +1)


Message History

You barely miss the kobold. You grab the kobold.
You constrict the kobold, but do no damage.
You feel sick. The kobold hits you.
* * * LOW HITPOINT WARNING * * *
You block the kobold's attack.
You hit the kobold.
The kobold is moderately wounded.
You constrict the kobold.
You kill the kobold!
The kobold hits you with a +0 short sword.
* * * LOW HITPOINT WARNING * * *
You barely miss the kobold. You grab the kobold. You constrict the kobold.
You block the kobold's attack.
Your shield prevents you from hitting the kobold.
You squeeze the kobold.
You kill the kobold!
You feel sick.
You are no longer poisoned.
The leopard gecko bites you.
You die...

.##.#.. . ?#.# # #$
(.# ...#.##.###
..........#
##..##....# #.s..#
##l### #..###@#######
#............#
#............###
...>.........('.#
####..........#.##
#..........#..#
#############.###+###
#..#..... ##.#.....


You could see a leopard gecko and a giant cockroach.

Vanquished Creatures
  An adder (D:2)
  A leopard gecko (D:1)
  2 bats
  A giant cockroach (D:1)
  5 goblins
  3 hobgoblins
  4 kobolds
  A ball python (D:1)
  4 frilled lizards (D:1)
  4 rats
26 creatures vanquished.

Notes
Turn   | Place    | Note
-------+----------+-------------------------------------------
     0 | D:1      | Hasart the Octopode Fighter began the quest for the Orb.
     0 | D:1      | Reached XP level 1. HP: 16/16 MP: 1/1
   195 | D:1      | Reached XP level 2. HP: 21/21 MP: 2/2
   874 | D:2      | Reached XP level 3. HP: 26/26 MP: 3/3
   916 | D:2      | Slain by a leopard gecko

Levels and vault maps discovered:
D:1:      beargit_arrival_greenhouse, layout_loops_ring, minmay_hedge_maze
D:2:      layout_basic, chequers_ecumenical_altar_island, grunt_ministairs_15,
          minivault_14, minmay_domino_4

Action                   || total
-------------------------++-------
Melee: Flail             ||    50
       Constrict         ||    16
       Tentacles         ||    10
Armor: Skin              ||     8
Dodge: Dodged            ||    22
Block: Shield            ||    25

Table legend:
 A = Non-vault XP
 B = Vault XP
 C = Vault XP percentage of total XP
 D = Non-vault monster count
 E = Vault monster count
 F = Vault count percentage of total count
                 A         B        C        D         E       F
            +---------+---------+-------+---------+---------+-------
      Total |      35 |      17 |  32.7 |      22 |       4 |  15.4
            +---------+---------+-------+---------+---------+-------
        D:1 |      25 |       0 |   0.0 |      16 |       0 |   0.0
        D:2 |      10 |      17 |  63.0 |       6 |       4 |  40.0
            +---------+---------+-------+---------+---------+-------
